 Dungeon Crawl Stone Soup version 0.17-a0-2027-gcac42c4 (webtiles) character file.

1012 st0uf the Skirmisher (level 8, -5/74 HPs)
             Began as a Minotaur Fighter on Oct 10, 2015.
             Was a Follower of Okawaru.
             Killed by divine providence
             ... invoked by an orc priest
              (13 damage)
             ... on level 6 of the Dungeon on Oct 11, 2015.
             The game lasted 00:21:01 (4856 turns).

st0uf the Skirmisher (Minotaur Fighter)             Turns: 4856, Time: 00:21:01

Health: -5/74      AC:  8    Str: 21    XL:     8   Next: 1%
Magic:  9/9        EV:  8    Int:  5    God:    Okawaru [*.....]
Gold:   261        SH: 10    Dex: 12    Spells: 0 memorised, 7 levels left

rFire  . . .     SeeInvis .     a - +0 long sword
rCold  . . .     Clarity  .     b - +0 scale mail
rNeg   . . .     SustAt   .     c - +0 shield
rPois  .         Gourm    .     (helmet restricted)
rElec  .         Spirit   .     (no cloak)
rCorr  .         Warding  .     v - +0 pair of gloves
rMut   +         Stasis   .     (no boots)
MR     .....                    h - amulet of resist mutation
Stlth  +.........               (no ring)
                                i - ring of stealth

@: not resistant to hostile enchantments, very unstealthy
A: retaliatory headbutt, horns 2
a: Heroism, Renounce Religion


You were on level 6 of the Dungeon.
You worshipped Okawaru.
Okawaru was aware of your devotion.
You were not hungry.

You visited 1 branch of the dungeon, and saw 6 of its levels.

You collected 261 gold pieces.

Inventory:

Hand Weapons
 a - a +0 long sword (weapon)
 E - a +0 shortbow
Missiles
 u - 14 arrows
 F - 9 arrows of flame
Armour
 b - a +0 scale mail (worn)
 c - a +0 shield (worn)
 v - a +0 pair of gloves (worn)
 H - the +3 ring mail "Wualo" {rC++ rN+ Int-4 Stlth+}
   (You found it on level 5 of the Dungeon)

   It affects your intelligence (-4).
   It greatly protects you from cold.
   It protects you from negative energy.
   It makes you more stealthy.
Jewellery
 h - an amulet of resist mutation (around neck)
 i - a ring of stealth (left hand)
Wands
 D - a wand of polymorph (19)
Scrolls
 f - 6 scrolls of identify {unknown}
 k - 3 scrolls of noise {unknown}
 n - 2 scrolls of blinking {unknown}
 o - 5 scrolls of remove curse {unknown}
 p - a scroll of amnesia {unknown}
 q - 2 scrolls of fog {unknown}
 t - 3 scrolls of magic mapping {unknown}
 y - a scroll of immolation {unknown}
 A - a scroll of random uselessness {unknown}
 I - a scroll of teleportation {unknown}
Potions
 d - a potion of might
 g - a potion of haste {unknown}
 l - a potion of agility {unknown}
 m - a potion of beneficial mutation {unknown}
 r - 3 potions of invisibility {unknown}
 s - 4 potions of heal wounds {unknown}
 x - 2 potions of berserk rage {unknown}
 z - a potion of brilliance {unknown}
 B - 3 potions of curing {unknown}
 C - a potion of degeneration {unknown}
Books
 G - a book of Power

   Spells                             Type                      Level
   a - Fulminant Prism                Conjuration/Hexes            4
   b - Iskenderun's Mystic Blast      Conjuration                  4
   c - Venom Bolt                     Conjuration/Poison           5
   d - Bolt of Magma                  Conjuration/Fire/Earth       5
   e - Iron Shot                      Conjuration/Earth            6
   f - Orb of Destruction             Conjuration                  7
   g - Spellforged Servitor           Conjuration/Summoning        7
Comestibles
 e - 5 bread rations
 w - 3 meat rations
 J - 4 fruits


   Skills:
 + Level 7.7 Fighting
 - Level 2.4 Long Blades
 + Level 6.3 Armour
 + Level 6.6 Shields
 + Level 3.2 Invocations


You had 7 spell levels left.
You didn't know any spells.

Dungeon Overview and Level Annotations

Branches:
Dungeon (6/15)             Temple (0/1) D:5

Altars:
Ashenzari
Dithmenos
Gozag
Kikubaaqudgha
Nemelex Xobeh
Okawaru
Ru
Sif Muna
Yredelemnul

Annotations:
D:5 Sigmund


Innate Abilities, Weirdness & Mutations

You reflexively headbutt those who attack you in melee.
You have a pair of horns on your head.


Message History

Things that are here:
a short sword; a leather armour; an orc corpse You hit the orc.
You kill the orc!
Okawaru accepts your kill.
You closely miss the orc warrior.
The orc priest invokes the aid of Beogh against you.
Something smites you!
The orc warrior hits you with a dire flail!
Your shield and scale mail prevent you from hitting the orc warrior.
The orc warrior hits you with a dire flail.
You closely miss the orc warrior. You headbutt the orc warrior.
The orc warrior is lightly wounded.
The orc warrior hits you with a dire flail!!
* * * LOW HITPOINT WARNING * * *
The orc warrior hits you with a dire flail.
* * * LOW HITPOINT WARNING * * *
The orc priest mumbles some strange prayers to Beogh against you.
Something smites you!
You die...

..#. .# ####.#.. .# .
.....>..#.# ..
..........# ..
.....#..# ###.
#......# .... #.....#
####..####..<.#
.......@.o#...######.#
..##..###.o..........#
#..#####)..#####..#
+....oo.........#
##..######.#.####
..#... ########


You could see an orc warrior and an orc priest.

Vanquished Creatures
  Prince Ribbit (D:5)
  Menkaure (D:4)
  2 centaurs (D:5)
  An ogre (D:5)
  2 centaur zombies (D:5)
  An orc wizard (D:5)
  A giant frog skeleton (D:5)
  2 hounds
  4 worker ants (D:4)
  A hound skeleton (D:5)
  8 adders
  2 oozes
  An adder skeleton (D:4)
  A worm (D:4)
  A giant gecko (D:4)
  7 orcs
  2 ball pythons
  3 giant cockroaches
  7 goblins
  7 hobgoblins
  10 jackals
  5 quokkas
  4 bats
  2 giant newts
  A jackal skeleton (D:5)
  9 kobolds
  A quokka skeleton (D:4)
  4 rats
91 creatures vanquished.

Notes
Turn   | Place    | Note
--------------------------------------------------------------
     0 | D:1      | st0uf the Minotaur Fighter began the quest for the Orb.
     0 | D:1      | Reached XP level 1. HP: 19/19 MP: 0/0
   155 | D:1      | Reached skill level 4 in Fighting
   370 | D:1      | Reached XP level 2. HP: 27/27 MP: 1/1
   841 | D:2      | Reached skill level 5 in Fighting
   864 | D:2      | Reached XP level 3. HP: 32/36 MP: 2/2
  1005 | D:2      | Found a sacrificial altar of Ru.
  1687 | D:3      | Reached XP level 4. HP: 40/42 MP: 3/3
  1751 | D:3      | Noticed Sigmund
  1987 | D:3      | Found a shadowy altar of Dithmenos.
  2074 | D:4      | Noticed Menkaure
  2076 | D:4      | Found a sparkling altar of Nemelex Xobeh.
  2085 | D:4      | Killed Menkaure
  2085 | D:4      | Reached skill level 6 in Fighting
  2085 | D:4      | Reached XP level 5. HP: 14/51 MP: 4/4
  2401 | D:4      | Found an ancient bone altar of Kikubaaqudgha.
  2410 | D:4      | Found an opulent altar of Gozag.
  2410 | D:4      | Found a basalt altar of Yredelemnul.
  2412 | D:4      | Found a shattered altar of Ashenzari.
  2413 | D:4      | Found an iron altar of Okawaru.
  2417 | D:4      | Became a worshipper of Warmaster Okawaru
  2504 | D:4      | Found a deep blue altar of Sif Muna.
  2562 | D:4      | Reached skill level 5 in Armour
  2562 | D:4      | Reached XP level 6. HP: 38/58 MP: 5/5
  2881 | D:4      | Reached skill level 5 in Shields
  3219 | D:4      | Reached skill level 1 in Invocations
  3433 | D:5      | Entered Level 5 of the Dungeon
  3504 | D:5      | Acquired Okawaru's first power
  3550 | D:5      | Reached skill level 7 in Fighting
  3550 | D:5      | Reached XP level 7. HP: 56/66 MP: 7/7
  3866 | D:5      | Got a twisted ring mail
  3877 | D:5      | Identified the +3 ring mail "Wualo" {rC++ rN+ Int-4 Stlth+} (You found it on level 5 of the Dungeon)
  4132 | D:5      | Noticed Prince Ribbit
  4141 | D:5      | Killed Prince Ribbit
  4507 | D:5      | Found a sparkling altar of Nemelex Xobeh.
  4726 | D:5      | Found a staircase to the Ecumenical Temple.
  4789 | D:5      | Reached XP level 8. HP: 69/74 MP: 9/9
  4856 | D:6      | Killed from afar by an orc priest

Vault maps used:
D:1:      onia_arrival_pentagram
D:2:      nicolae_ru_great_annihilating_truth
D:3:      first_bread, grunt_dithmenos_smoke, uniq_sigmund
D:4:      minitemple, kennysheep_flooded_box, bh_walls_and_bars, uniq_menkaure
D:5:      temple_hall, nemelex_dance_club_becter, uniq_prince_ribbit1
D:6:      basic_altar

Action                   |  1- 3 |  4- 6 |  7- 9 || total
-------------------------+-------+-------+-------++-------
Melee: Long sword        |   119 |   112 |    79 ||   310
 Stab: Invisible         |     1 |       |       ||     1
       Paralysed         |     1 |       |       ||     1
  Eat: Chunk             |     3 |     6 |     2 ||    11
       Royal jelly       |       |       |     1 ||     1
